 Dungeon Crawl Stone Soup version 0.19-a0-944-gb338e1e (webtiles) character file.

9299 Implojin the Grappler (level 11, -10/119 HPs)
             Began as a Troll Fighter on July 9, 2016.
             Was a High Priest of Okawaru.
             Shot with an arrow by a satyr (16 damage)
             ... on level 3 of the Shoals.
             The game lasted 00:18:18 (2372 turns).

Implojin the Grappler (Troll Fighter)               Turns: 2372, Time: 00:18:18

Health: -10/119    AC:  9    Str: 37    XL:     11   Next: 21%
Magic:  9/10       EV:  8    Int:  4    God:    Okawaru [*****.]
Gold:   22         SH: 10    Dex: 12    Spells: 0 memorised, 10 levels left

rFire  . . .     SeeInvis +       - Unarmed
rCold  . . .     Gourm    +     q - +2 robe {MR+}
rNeg   . . .     Faith    .     b - +0 shield
rPois  .         Spirit   .     p - +2 hat
rElec  .         Dismiss  .     (no cloak)
rCorr  .         Reflect  .     (gloves unavailable)
SustAt .         Harm     .     (boots unavailable)
MR     +....                    c - amulet of regeneration
Stlth  +.........               o - +6 ring of strength
                                n - ring of see invisible

@: mighty, afraid, very slightly contaminated, hasted, very quick, somewhat
resistant to hostile enchantments, very unstealthy
A: unfitting armour, claws 3, fast metabolism 3, gourmand, regeneration 2,
shaggy fur 1, tough skin 2
a: Heroism, Finesse, Renounce Religion


You were on level 3 of the Shoals.
You worshipped Okawaru.
Okawaru was extremely pleased with you.
You were full.

You visited 4 branches of the dungeon, and saw 21 of its levels.
You also visited: Ossuary.

You collected 139 gold pieces.
You spent 117 gold pieces at shops.

Inventory:

Hand Weapons
 l - a +0 flail
 N - the +9 flail "Guforph" {elec, rPois rC+ MR- Int+7, unknown}
   (You found it on level 2 of the Shoals)

   Occasionally, upon striking a foe, it will discharge some electrical energy
   and cause terrible harm.
   It affects your intelligence (+7).
   It protects you from cold.
   It protects you from poison.
   It affects your resistance to hostile enchantments.
Missiles
 y - 10 tomahawks (quivered)
 F - 2 throwing nets
Armour
 a - a +0 robe
 b - a +0 shield (worn)
 p - a +2 hat (worn)
 q - a +2 robe of magic resistance (worn)
 H - a +2 robe of fire resistance
Magical Staves
 I - an uncursed staff of earth
Jewellery
 c - an amulet of regeneration (around neck)
 h - an uncursed ring of fire
 n - a ring of see invisible (left claw)
 o - a +6 ring of strength (right claw)
 t - an uncursed ring of protection from magic
 M - an uncursed ring of protection from fire {unknown}
Wands
 O - a wand of random effects (16/48)
Scrolls
 e - a scroll of teleportation
 f - 3 scrolls of enchant armour
 i - a scroll of recharging
 v - a scroll of blinking {unknown}
 w - a scroll of fog {unknown}
 x - 4 scrolls of random uselessness
 C - a scroll of immolation
 D - a scroll of noise
 G - a scroll of remove curse
 J - a scroll of fear {unknown}
Potions
 j - 2 potions of haste
 k - a potion of ambrosia {unknown}
 m - 4 potions of might
 r - 3 potions of agility
 s - a potion of flight {unknown}
 u - 2 potions of lignification {unknown}
 z - a potion of cancellation {unknown}
 A - 2 potions of curing {unknown}
 B - 3 potions of berserk rage
 E - a potion of brilliance {unknown}
 K - a potion of magic {unknown}
Comestibles
 d - 5 bread rations
 g - a meat ration
 L - a slice of pizza


   Skills:
 * Level 10.9 Fighting
 - Level 2.4 Dodging
 - Level 2.4 Shields
 - Level 12.2 Unarmed Combat


You had 10 spell levels left.
You didn't know any spells.

Dungeon Overview and Level Annotations

Branches:
Dungeon (12/15)            Temple (1/1) D:4            Lair (5/6) D:11
 Shoals (3/4) Lair:4        Snake (0/4) Lair:2
  Slime: Lair:5-6       Orc: D:9-12

Altars:
Ashenzari
Cheibriados
Elyvilon
Gozag
Kikubaaqudgha
Makhleb
Nemelex Xobeh
Okawaru
Pakellas
Ru
Sif Muna
Trog
Uskayaw
Vehumet

Shops:
D:11 *

Annotations:
Lair:4 exclusion: upstairs
Shoals:2 exclusion: 2 upstairs


Innate Abilities, Weirdness & Mutations

You are too large for most types of armour.
You have claws for hands.
Your metabolism is lightning-fast.
You like to eat raw meat.
You heal very quickly.
You are covered in fur. (AC +1)
You have very tough skin. (AC +2)


Message History

Unknown command.
You eviscerate the cyclops!!!
You kill the cyclops!
Okawaru is honoured by your kill. The sheep completely misses you.
The sheep misses you.
You mangle the satyr!!
The satyr is moderately wounded.
The satyr shoots an arrow.
The arrow hits you!!
* * * LOW HITPOINT WARNING * * *
The sheep barely misses you.
You attempt to attack the satyr, but flinch away in fear!
The sheep bites you.
* * * LOW HITPOINT WARNING * * *
The satyr shoots an arrow.
The arrow hits you!
* * * LOW HITPOINT WARNING * * *
The sheep closely misses you.
You feel yourself speed up.
You feel like a meek peon again. You block the sheep's attack. x2
You are very lightly contaminated with residual magic.
Unknown command.
Unknown command.
You miss the satyr.
The satyr is moderately wounded.
The satyr plays a lulling melody on his pipes!
You fall asleep.
The sheep bites you!
You wake up.
* * * LOW HITPOINT WARNING * * *
There is a stone staircase leading up here.
You see here a large rock.
You are too terrified to rage.
Unknown command.
Unknown command.
You feel very mighty all of a sudden. The sheep bites you.
* * * LOW HITPOINT WARNING * * *
You attempt to attack the satyr, but flinch away in fear!
You block the sheep's attack. x2
You attempt to attack the satyr, but flinch away in fear!
The satyr shoots an arrow.
The arrow hits you!
You die...

. .. ... ....
#..%.##
#.....(#######
#......Y.#..(##
.....≈≈Y@.....#
..≈≈≈≈≈c.≈≈≈..#
..≈≈≈≈≈...≈≈..#
...≈≈≈....≈≈≈....
...≈≈≈....≈≈≈≈≈≈≈
≈≈≈≈≈≈...≈≈≈≈≈≈≈≈≈
≈≈≈≈≈≈≈≈≈≈≈≈≈≈≈≈≈.
≈≈≈≈≈≈≈≈≈≈≈≈≈≈≈≈


You could see a satyr and 2 sheep.

Vanquished Creatures
  2 hill giants (D:11)
  A cyclops (Shoals:3)
  4 sirens
  2 black mambas
  A spiny frog (Lair:4)
  A rime drake (Lair:3)
  A two-headed ogre (D:8)
  A merfolk (Shoals:2)
  4 blink frogs (Lair:3)
  A wyvern (D:9)
  A hungry ghost (D:8)
  4 basilisks
  2 hippogriffs
  2 water moccasins (Lair:3)
  9 porcupines
  An orc warrior (D:6)
  3 sky beasts
  A necrophage (D:9)
  2 ogres
  3 crocodiles
  4 giant frogs
  An electric eel (Lair:4)
  2 crimson imps (D:11)
  A centaur zombie (D:11)
  2 human zombies (Ossuary)
  2 hounds
  A giant frog skeleton (D:10)
  4 orc priests
  2 iguanas
  3 orc wizards
  5 worker ants
  8 sheep
  A big kobold zombie (Ossuary)
  4 mummies (Ossuary)
  14 river rats
  3 adders
  A shadow imp (D:11)
  An ooze (D:2)
  An adder skeleton (D:9)
  2 worms
  A dart slug (D:2)
  A giant gecko (D:3)
  19 orcs
  A giant cockroach (D:4)
  A gnoll zombie (Ossuary)
  A hobgoblin (D:2)
  2 jackals (D:1)
  3 kobolds
  5 quokkas
  A bat (D:2)
  A giant newt (D:4)
  A goblin zombie (Ossuary)
  A hobgoblin zombie (Ossuary)
  2 kobold zombies (Ossuary)
  A quokka zombie (D:6)
  4 rats
  A rat zombie (D:6)
154 creatures vanquished.

Vanquished Creatures (others)
  A fungus (D:11)
  2 plants (D:11)
3 creatures vanquished.

Grand Total: 157 creatures vanquished

Notes
Turn   | Place    | Note
-------+----------+-------------------------------------------
     0 | D:1      | Implojin the Troll Fighter began the quest for the Orb.
     0 | D:1      | Reached XP level 1. HP: 22/22 MP: 0/0
    46 | D:2      | Reached XP level 2. HP: 23/29 MP: 1/1
    51 | D:2      | Reached skill level 3 in Unarmed Combat
   115 | D:2      | Reached XP level 3. HP: 29/36 MP: 2/2
   233 | D:4      | Reached skill level 4 in Unarmed Combat
   233 | D:4      | Reached XP level 4. HP: 44/44 MP: 3/3
   295 | D:5      | Entered Level 5 of the Dungeon
   340 | D:4      | Found a staircase to the Ecumenical Temple.
   347 | D:4      | Reached skill level 5 in Unarmed Combat
   369 | Temple   | Entered the Ecumenical Temple
   410 | Temple   | Became a worshipper of Warmaster Okawaru
   477 | D:6      | Reached XP level 5. HP: 45/50 MP: 4/4
   513 | D:6      | Noticed an ogre
   517 | D:6      | Killed an ogre
   517 | D:6      | Reached skill level 6 in Unarmed Combat
   547 | D:6      | Found a burning altar of Makhleb.
   561 | D:6      | Reached XP level 6. HP: 22/59 MP: 5/5
   584 | D:6      | Noticed a sky beast
   593 | D:6      | Killed a sky beast
   593 | D:6      | Reached skill level 7 in Unarmed Combat
   634 | D:6      | Reached * piety under Okawaru
   645 | D:6      | Noticed a sky beast
   651 | D:6      | Found a sand-covered staircase.
   665 | D:6      | Killed a sky beast
   670 | Ossuary  | Entered an ossuary
   735 | Ossuary  | Reached XP level 7. HP: 66/66 MP: 3/6
   828 | Ossuary  | Reached skill level 8 in Unarmed Combat
  1043 | D:8      | Found an oddly glowing altar of Pakellas.
  1062 | D:8      | Noticed a hungry ghost
  1069 | D:8      | Killed a hungry ghost
  1069 | D:8      | Reached skill level 9 in Unarmed Combat
  1072 | D:8      | Noticed a two-headed ogre
  1079 | D:8      | Killed a two-headed ogre
  1079 | D:8      | Reached ** piety under Okawaru
  1079 | D:8      | Reached XP level 8. HP: 41/74 MP: 3/7
  1228 | D:9      | Reached skill level 10 in Unarmed Combat
  1333 | D:10     | Entered Level 10 of the Dungeon
  1348 | D:11     | Reached skill level 11 in Unarmed Combat
  1444 | D:11     | Found Firoette's Assorted Antiques.
  1452 | D:11     | Bought a bubbling white potion for 30 gold pieces
  1452 | D:11     | Bought a scroll labeled FYEBREYDEUL for 34 gold pieces
  1452 | D:11     | Bought a glowing robe for 23 gold pieces
  1452 | D:11     | Bought a blue potion for 30 gold pieces
  1563 | D:11     | Noticed a hill giant
  1575 | D:11     | Killed a hill giant
  1575 | D:11     | Reached *** piety under Okawaru
  1575 | D:11     | Reached skill level 12 in Unarmed Combat
  1575 | D:11     | Reached XP level 9. HP: 60/80 MP: 6/8
  1587 | D:11     | Reached skill level 3 in Fighting
  1605 | D:11     | Reached skill level 4 in Fighting
  1615 | D:11     | Noticed a brown ugly thing
  1616 | D:11     | Reached skill level 5 in Fighting
  1647 | D:11     | Noticed a hill giant
  1659 | D:11     | Killed a hill giant
  1659 | D:11     | Reached **** piety under Okawaru
  1659 | D:11     | Reached skill level 6 in Fighting
  1690 | D:11     | Reached XP level 10. HP: 89/100 MP: 5/9
  1731 | D:11     | Found a staircase to the Lair.
  1774 | Lair:1   | Entered Level 1 of the Lair of Beasts
  1775 | Lair:1   | Noticed a black mamba
  1785 | Lair:1   | Killed a black mamba
  1785 | Lair:1   | Reached skill level 7 in Fighting
  1820 | Lair:2   | Found a staircase to the Snake Pit.
  1895 | Lair:3   | Noticed a black mamba
  1900 | Lair:3   | Killed a black mamba
  1900 | Lair:3   | Reached skill level 8 in Fighting
  1925 | Lair:3   | Reached skill level 9 in Fighting
  2012 | Lair:4   | Noticed a spiny frog
  2019 | Lair:4   | Killed a spiny frog
  2072 | Lair:3   | Reached ***** piety under Okawaru
  2092 | Lair:3   | Reached skill level 10 in Fighting
  2108 | Lair:3   | Noticed a seven-headed hydra
  2249 | Lair:4   | Noticed a siren
  2254 | Lair:4   | Killed a siren
  2263 | Lair:4   | Found a staircase to the Shoals.
  2263 | Lair:4   | Noticed a siren
  2271 | Lair:4   | Killed a siren
  2271 | Lair:4   | Reached XP level 11. HP: 118/118 MP: 7/10
  2275 | Shoals:1 | Entered Level 1 of the Shoals
  2298 | Shoals:2 | Got a pitted flail
  2305 | Shoals:1 | Noticed a sea snake
  2350 | Shoals:3 | Noticed a satyr
  2368 | Shoals:3 | HP: 5/119 [sheep[a cyclops] (10)]
  2372 | Shoals:3 | Shot with an arrow by a satyr

Vault maps used:
D:1:      dpeg_arrival_stonehenge_8_columns, minmay_large_rounded_square
D:3:      kennysheep_generic_room_14
D:4:      gup_sewer_entry_bubbles, nicolae_ashenzari_panopticon,
          uniq_blork_the_orc
D:5:      overflow_temple_1_default, first_bread, uniq_menkaure, uniq_pikel,
          uniq_duvessa
D:6:      marbit_many_paths, enter_ossuary_4
D:7:      gammafunk_temple_overflow_pools, basic_altar
D:8:      grunt_temple_overflow_order_and_chaos_1, kennysheep_little_box,
          kennysheep_mini
D:9:      yredelemnul_forgotten_temple_becter
D:10:     orc_0_dummy, serial_shops, nicolae_shop_crystal, hangedman_fish_farm,
          uniq_snorg
D:11:     minmay_lair_entry_grove, portal_ice_cave_entry_pillars_1,
          serial_shops, nicolae_shop_crystal, minmay_misc_feat_cross
Temple:   dshaligram_water_room_temple
Lair:2:   dummy_snake_entry, st_stairs_9, uniq_erica
Lair:3:   lab_entry_generic, uniq_rupert
Lair:4:   elwin_shoals_entry_rooms
Lair:5:   minmay_slime_entry_oklob_enclosed, beast_lair_carwin_11,
          grunt_megastairs_4, bh_autumn_forest_stairs, lemuel_fruit_tree,
          lemuel_fruit_fields
Ossuary:  ossuary_crypta

Skill      XL: |  1  2  3  4  5  6  7  8  9 10 |
---------------+-------------------------------+-----
Unarmed Combat | 3 4 5 6 7 9 12 | 12.2
Fighting       | 6 10 | 10.9
Dodging        | |  2.4
Shields        | |  2.4

Action                   |  1- 3 |  4- 6 |  7- 9 | 10-12 || total
-------------------------+-------+-------+-------+-------++-------
Melee: Unarmed           |    74 |    79 |   177 |   133 ||   463
Throw: Tomahawk          |       |     1 |     4 |       ||     5
Invok: Heroism           |       |     2 |    12 |    15 ||    29
  Use: Potion            |       |     1 |       |     2 ||     3
       Scroll            |       |       |    11 |     3 ||    14
 Stab: Sleeping          |     1 |       |       |       ||     1
       Distracted        |       |       |     1 |       ||     1
  Eat: Chunk             |     4 |     7 |    12 |     6 ||    29
Armor: Robe              |    24 |    13 |    19 |    28 ||    84
Dodge: Dodged            |    34 |    15 |    34 |    52 ||   135
Block: Shield            |    28 |    20 |    54 |    65 ||   167

Table legend:
 A = Turns spent in this place as a percentage of turns spent in the entire game.
 B = Non-inter-level travel turns spent in this place as a percentage of non-inter-level travel turns spent in the entire game.
 C = Inter-level travel turns spent in this place as a percentage of turns spent in this place.
 D = Turns resting spent in this place as a percentage of non-inter-level travel turns spent in this place.
 E = Turns spent auto-exploring this place as a percentage of non-inter-level travel turns spent in this place.
 F = Non-inter-level travel turns spent in this place divided by the number of levels of this place that you've seen.
                   A       B       C       D       E      F
               +-------+-------+-------+-------+-------+----------------------
         Total | 100.0 | 100.0 |   0.0 |   0.0 |   0.0 | 104.0
       Dungeon |  62.2 |  62.2 |   0.0 |   0.0 |   0.0 | 118.7
        Temple |   2.2 |   2.2 |   0.0 |   0.0 |   0.0 |  50.0
          Lair |  22.7 |  22.7 |   0.0 |   0.0 |   0.0 | 104.0
        Shoals |   4.9 |   4.9 |   0.0 |   0.0 |   0.0 |  37.7
       Ossuary |   7.9 |   7.9 |   0.0 |   0.0 |   0.0 | 181.0
               +-------+-------+-------+-------+-------+----------------------

Table legend:
 A = Kills in this place as a percentage of kills in entire the game.
 B = Kills by you in this place as a percentage of kills by you in the entire game.
 C = Kills by friends in this place as a percentage of kills by friends in the entire game.
 D = Other kills in this place as a percentage of other kills in the entire game.
 E = Experience gained in this place as a percentage of experience gained in the entire game.
 F = Experience gained in this place divided by the number of levels of this place that you have seen.
                   A       B       C       D       E      F
               +-------+-------+-------+-------+-------+----------------------
         Total | 100.0 | 100.0 |  -nan |  -nan | 100.0 | 603.9
       Dungeon |  64.3 |  64.3 |  -nan |  -nan |  42.0 | 465.2
          Lair |  24.7 |  24.7 |  -nan |  -nan |  41.7 | 1107.2
        Shoals |   3.2 |   3.2 |  -nan |  -nan |  14.9 | 660.3
       Ossuary |   7.8 |   7.8 |  -nan |  -nan |   1.4 | 186.0
               +-------+-------+-------+-------+-------+----------------------
